[Event "Early-Titled-Tuesday-Blitz-March-26-2024"]
[Site "Chess.com"]
[Date "2024.03.26"]
[Round "10"]
[White "Meri-Arabidze"]
[Black "Zhigalko_Sergei"]
[Result "0-1"]
[WhiteElo "2669"]
[BlackElo "2885"]
[TimeControl "180+1"]
[EndTime "9:52:57 PDT"]
[Termination "Zhigalko_Sergei won on time"]

1. Nf3 d5 2. c4 d4 3. b4 Bg4 4. g3 Bxf3 5. exf3 e5 6. a3 a5 7. b5 Nd7 8. Bg2 Nc5 9. O-O Bd6 10. a4 Nf6 11. d3 O-O 12. Ba3 Nfd7 13.
Qc2 f5 14. Nd2 Qf6 15. Rfe1 Rae8 16. Re2 Re7 17. Rae1 Rfe8 18. Bb2 Ne6 19. f4 exf4 20. Bxb7 fxg3 21. hxg3 Bb4 22. Bd5 Nc5 23. Ra1 Bxd2 24. Rxd2 Kh8 25. Ba3 f4 26. Qd1 Qg5 27. Kg2 fxg3 28.
Bxc5 gxf2+ 29. Kxf2 Nxc5 30. Raa2 Rf8+ 31. Bf3 Re3 0-1

[Event "Early-Titled-Tuesday-Blitz-March-26-2024"]
[Site "Chess.com"]
[Date "2024.03.26"]
[Round "10"]
[White "LikeWater"]
[Black "Savagelittlemole"]
[Result "1-0"]
[WhiteElo "2712"]
[BlackElo "2502"]
[TimeControl "180+1"]
[EndTime "9:52:57 PDT"]
[Termination "LikeWater won on time"]

1. e4 c5 2. Nf3 d6 3. d4 cxd4 4. Nxd4 Nf6 5. Nc3 a6 6. Bd3 Nbd7 7.
O-O Nc5 8. f4 e5 9. Nde2 Be7 10. f5 b5 11. b4 Nxd3 12. Qxd3 Bb7 13. a4 bxa4 14. Rxa4 O-O 15. Bg5 Nd7 16. Bxe7 Qxe7 17. Rd1 Nb6 18. Raa1 Rfd8 19. Nd5 Bxd5 20. exd5 Qg5 21. c4 Nd7 22. Ng3 Nf6 23. Re1 Rab8 24. Rab1 Qh4 25. Re2 Re8 26. Ne4 Ng4 27. h3 Nf6 28.
Nxd6 e4 29. Qd4 Re7 30. c5 Qg5 31. Rbe1 Nh5 32. Nxe4 Qxf5 33. Nf6+ Nxf6 34. Rxe7 h6 35. d6 a5 36. d7 Nxd7 37. Qxd7 1-0

[Event "Early-Titled-Tuesday-Blitz-March-26-2024"]
[Site "Chess.com"]
[Date "2024.03.26"]
[Round "10"]
[White "ploxoi"]
[Black "Vahe_Danielyan"]
[Result "0-1"]
[WhiteElo "2427"]
[BlackElo "2609"]
[TimeControl "180+1"]
[EndTime "9:52:57 PDT"]
[Termination "Vahe_Danielyan won by resignation"]

1. d4 Nf6 2. c4 g6 3. Nc3 Bg7 4. e3 O-O 5. Nf3 d6 6. Bd3 Nbd7 7. O-O e5 8. Qc2 c6 9. Rd1 Qe7 10. b3 Re8 11. dxe5 dxe5 12. Be2 e4 13. Nd4 a6 14. a4 c5 15. Ba3 cxd4 16. Bxe7 d3 17.
Bxd3 exd3 18. Rxd3 Rxe7 19. Rad1 Re8 20. Rd6 Ne5 21. Rd8 Bf5 22. Rxa8 Bxc2 23. Rxe8+ Nxe8 24. Rd8 Kf8 25. Rb8 Nc6 26. Rxb7 Bxc3 27. Rb6 Ne5 28. Rxa6 Bxb3 29. c5 Bd5 30. f3 Nc7 31. Ra7 Ne6 32.
f4 Nc4 33. Rd7 Nxe3 34. c6 Bxc6 35. Rd3 Bd4 36. Kf2 Bxa4 37. g3 h5 38. Ra3 Nc2+ 0-1

[Event "Early-Titled-Tuesday-Blitz-March-26-2024"]
[Site "Chess.com"]
[Date "2024.03.26"]
[Round "10"]
[White "CADMartin"]
[Black "Chessmissile07"]
[Result "0-1"]
[WhiteElo "2534"]
[BlackElo "2905"]
[TimeControl "180+1"]
[EndTime "9:52:58 PDT"]
[Termination "Chessmissile07 won by resignation"]

1. e4 a6 2. d4 d6 3. c4 e5 4. d5 f5 5. Nc3 Nf6 6. Bd3 fxe4 7.
Nxe4 Be7 8. Ne2 Nxe4 9. Bxe4 Nd7 10. Ng3 Nf6 11. O-O Nxe4 12. Nxe4 O-O 13. Qe2 Bf5 14.
f3 Bxe4 15. Qxe4 Bg5 16. c5 dxc5 17. Qxe5 Bf6 18. Qe6+ Kh8 19. Rb1 Qd6 20. Qxd6 cxd6 21. Bd2 Rae8 22. Rfe1 Kg8 23. Kf1 Kf7 24. Bf4 Rxe1+ 25.
Rxe1 Rd8 26. Re6 Bxb2 27. Bxd6 Bf6 28. Ke2 c4 29. Kd1 b5 30. Kc2 a5 31. g4 b4 32. f4 g6 33. g5 Bg7 34. Re7+ Kg8 35.
Re6 Bf8 36. Bxf8 Kxf8 37. d6 Re8 38. Rf6+ Kg7 39. d7 Rd8 40. Ra6 Rxd7 41. Rxa5 c3 42. a3 Rd2+ 43. Kb3 Rb2+ 44. Ka4 c2 45. Rc5 b3 46.
Rc8 Rb1 47. Rc7+ Kf8 0-1

[Event "Early-Titled-Tuesday-Blitz-March-26-2024"]
[Site "Chess.com"]
[Date "2024.03.26"]
[Round "10"]
[White "kritipatel"]
[Black "ljuks68"]
[Result "1-0"]
[WhiteElo "2234"]
[BlackElo "2410"]
[TimeControl "180+1"]
[EndTime "9:52:58 PDT"]
[Termination "kritipatel won by resignation"]

1. e4 e6 2. d4 d5 3. Nc3 Bb4 4. exd5 exd5 5. Bd3 Nf6 6. a3 Bxc3+ 7. bxc3 O-O 8. Nf3 Nbd7 9. O-O Nb6 10. Ne5 Ne4 11.
Qh5 f6 12. f3 fxe5 13. fxe4 Rxf1+ 14. Kxf1 Qf6+ 15. Ke2 dxe4 16. Bxe4 g6 17. dxe5 Qg7 18.
Qg5 Be6 19. Bxb7 Rf8 20. Bf3 h6 21. Qg3 Rf5 22. Be3 Rxe5 23. Kf2 Rxe3 24. Kxe3 Qxc3+ 25. Kf2 Qxa1 26. Qxg6+ Kf8 27. Qxe6 Qxa3 28. Qxh6+ Ke7 29. Qg7+ Kd8 30. Qg8+ Ke7 31. Qg5+ Kd6 32. Qf6+ Kc5 33. Qe7+ 1-0

[Event "Early-Titled-Tuesday-Blitz-March-26-2024"]
[Site "Chess.com"]
[Date "2024.03.26"]
[Round "10"]
[White "verrbaa"]
[Black "NelsonLinda"]
[Result "0-1"]
[WhiteElo "2481"]
[BlackElo "2644"]
[TimeControl "180+1"]
[EndTime "9:52:59 PDT"]
[Termination "NelsonLinda won on time"]

1. e4 c5 2. Nf3 e6 3. d4 cxd4 4. Nxd4 Nf6 5. Nc3 d6 6. g4 e5 7. Nf5 Nc6 8. g5 Nxe4 9. Nxg7+ Bxg7 10. Nxe4 d5 11. Ng3 Be6 12. Bg2 Qd7 13. Nh5 Rg8 14. c3 Bh8 15. Qa4 O-O-O 16. Bd2 Kb8 17. b4 e4 18. b5 Ne5 19. O-O Bh3 20. Be3 b6 21. Ng3 Qg4 22. Rfd1 Nf3+ 23. Kh1 Bxg2+ 24. Kxg2 Bxc3 25.
Rac1 Be5 26. Bxb6 axb6 27. Qa6 Rg6 28. Rc6 Nh4+ 0-1

[Event "Early-Titled-Tuesday-Blitz-March-26-2024"]
[Site "Chess.com"]
[Date "2024.03.26"]
[Round "10"]
[White "Kunalm64"]
[Black "EternalNight8"]
[Result "1-0"]
[WhiteElo "2631"]
[BlackElo "2472"]
[TimeControl "180+1"]
[EndTime "9:52:59 PDT"]
[Termination "Kunalm64 won by resignation"]

1. e4 e5 2. Nf3 Nf6 3. Nxe5 d6 4. Nf3 Nxe4 5. d4 d5 6. Bd3 Bd6 7.
O-O O-O 8. Re1 Re8 9. c4 c6 10.
Nc3 Bf5 11. c5 Bc7 12. Qc2 Nd7 13. Nxe4 dxe4 14. Bxe4 Bxe4 15. Rxe4 Rxe4 16. Qxe4 Nf6 17. Qh4 Qd5 18. Bf4 Bxf4 19. Qxf4 Re8 20. h3 h6 21. Qc7 Re2 22. Qxb7 Ne4 23. Rf1 Qxa2 24. Qxc6 Qxb2 25. Ne5 Qxd4 26. Qc8+ Kh7 27. Qf5+ Kh8 28. Nxf7+ Kg8 29. c6 Ng3 30. Nxh6+ gxh6 31. Qg6+ Qg7 32. Qxg7+ Kxg7 33. fxg3 Rc2 34. Ra1 Rxc6 35. Rxa7+ Kg6 36. g4 Rc2 37. Ra5 Rd2 38. Kh2 Rc2 39. Kg3 Rc3+ 40.
Kh4 Rc2 41. Ra6+ Kg7 42. g3 Rc3 43. Ra5 Kg6 44. g5 hxg5+ 45. Rxg5+ Kf6 46. Ra5 Rc4+ 47. g4 1-0

[Event "Early-Titled-Tuesday-Blitz-March-26-2024"]
[Site "Chess.com"]
[Date "2024.03.26"]
[Round "10"]
[White "C_K_G"]
[Black "Flaccidmoves"]
[Result "1-0"]
[WhiteElo "2269"]
[BlackElo "2442"]
[TimeControl "180+1"]
[EndTime "9:52:59 PDT"]
[Termination "C_K_G won on time"]

1. e4 e6 2. Nf3 d5 3. Nc3 Nf6 4. e5 Nfd7 5. d4 c5 6. Bg5 Qb6 7. dxc5 Bxc5 8. Qd2 O-O 9. Bd3 Nc6 10. Bf4 f5 11.
O-O Qc7 12. Rfe1 Nb6 13. Nb5 Qe7 14. Nd6 h6 15. c3 a5 16. h4 Nc4 17. Bxc4 dxc4 18. Nxc4 b5 19. Nd6 Rb8 20. Rad1 Ba6 21.
Qd3 Rfd8 22. Qe2 Qa7 23. b3 b4 24. c4 a4 25. Qd2 Na5 26. Bxh6 gxh6 27. Qxh6 Bxf2+ 28. Kh1 Bxe1 29. Rxe1 Qg7 30. Qxe6+ Kh8 31. Ng5 Rf8 32.
Ndf7+ Rxf7 33. Nxf7+ Kh7 34. Ng5+ Kh8 35. Qxa6 axb3 36.
Qxa5 bxa2 37. Qxa2 b3 38. Qb2 f4 39. Re2 Qd7 40. e6+ Qg7 41. c5 1-0

[Event "Early-Titled-Tuesday-Blitz-March-26-2024"]
[Site "Chess.com"]
[Date "2024.03.26"]
[Round "10"]
[White "Kostukov_Alex"]
[Black "PapaieDudu"]
[Result "1-0"]
[WhiteElo "2300"]
[BlackElo "2427"]
[TimeControl "180+1"]
[EndTime "9:52:59 PDT"]
[Termination "Kostukov_Alex won by checkmate"]

1. g3 d5 2. Bg2 Nf6 3. d3 e5 4.
e4 Bb4+ 5. c3 Bc5 6. Qe2 O-O 7.
Nf3 Re8 8. O-O Bg4 9. h3 Bh5 10.
g4 Bg6 11. Nbd2 Nbd7 12. exd5 Nxd5 13. Ne4 Bb6 14. Bg5 f6 15. Bd2 Nf8 16. Nh4 Bf7 17. c4 Ne7 18. c5 Nc6 19. cxb6 Nd4 20. Qd1 axb6 21. Be3 Nfe6 22. Nf3 Nc6 23. a3 Qd7 24. Qc2 Red8 25. Rad1 h5 26. Rfe1 hxg4 27. hxg4 Kf8 28. Nc3 Ned4 29. g5 Qg4 30. Bxd4 Nxd4 31. Nxd4 exd4 32. Ne4 f5 33. Ng3 f4 34. Qxc7 fxg3 35. fxg3 Rd7 36. Qf4 Qh5 37. Bf3 Qh7 38. Be4 g6 39. Rf1 Ra5 40. Rf2 Qh5 41. Qb8+ Kg7 42.
Rdf1 Rxg5 43. Rxf7+ Rxf7 44. Rxf7+ Kxf7 45. Qxb7+ Kf6 46. Qxb6+ Kg7 47. Qxd4+ Kh6 48. Qh8# 1-0

[Event "Early-Titled-Tuesday-Blitz-March-26-2024"]
[Site "Chess.com"]
[Date "2024.03.26"]
[Round "10"]
[White "GlavkonVVS"]
[Black "ATM622"]
[Result "1-0"]
[WhiteElo "2643"]
[BlackElo "2512"]
[TimeControl "180+1"]
[EndTime "9:53:02 PDT"]
[Termination "GlavkonVVS won by resignation"]

1. c4 Nf6 2. Nc3 e5 3. g3 c6 4. Bg2 d5 5. cxd5 cxd5 6. Qb3 e4 7. d3 exd3 8. Nxd5 Nxd5 9. Bxd5 Bb4+ 10. Qxb4 Qxd5 11.
e4 Qd7 12. Nf3 Nc6 13. Qa3 a5 14. O-O Nb4 15. Bd2 Nc2 16. Qc3 O-O 17. Rad1 f6 18.
Bf4 Rd8 19. Bc7 Re8 20. Rxd3 Qc6 21. e5 Bf5 22. Qxc6 bxc6 23. Rc3 Rac8 24. Bxa5 fxe5 25. Rc1 Nd4 26. Nxd4 exd4 27. Rxc6 Rxc6 28. Rxc6 d3 29. Rd6 Re2 30. f3 Rxb2 31. g4 Bg6 32. h4 h6 33. h5 Bf7 34. Rxd3 Rxa2 35. Bd2 Bc4 36. Rd4 Rc2 37. Kf2 Kf7 38. Kg3 Be6 39. Bf4 Rc3 40.
Be5 Bc8 41. Rf4+ Kg8 42. Bxc3 1-0

[Event "Early-Titled-Tuesday-Blitz-March-26-2024"]
[Site "Chess.com"]
[Date "2024.03.26"]
[Round "10"]
[White "Kapitan_Bayan"]
[Black "lukazz029"]
[Result "0-1"]
[WhiteElo "2270"]
[BlackElo "2033"]
[TimeControl "180+1"]
[EndTime "9:53:02 PDT"]
[Termination "lukazz029 won by checkmate"]

1. e4 c5 2. Nf3 d6 3. d4 cxd4 4. Nxd4 Nf6 5. Nc3 a6 6. f3 e6 7.
Be3 Qc7 8. Qd2 b5 9. g4 Nc6 10. h4 Nd7 11. O-O-O b4 12. Nce2 Nce5 13. Ng3 Rb8 14.
g5 Nb6 15. b3 Be7 16. h5 Bd7 17. Bh3 a5 18. f4 Nec4 19. bxc4 Nxc4 20. Qe2 a4 21. g6 b3 22. gxf7+ Kf8 23. axb3 axb3 24. Nxe6+ Bxe6 25. Bxe6 b2+ 26. Kb1 Na3+ 27. Ka2 Qa5 28. Qd2 Qa8 29. Bd5 Qa4 30. Qd4 Nc4+ 31. Kb1 Qa1# 0-1

[Event "Early-Titled-Tuesday-Blitz-March-26-2024"]
[Site "Chess.com"]
[Date "2024.03.26"]
[Round "10"]
[White "AlexanderKing"]
[Black "tusplingher"]
[Result "0-1"]
[WhiteElo "2632"]
[BlackElo "2515"]
[TimeControl "180+1"]
[EndTime "9:53:03 PDT"]
[Termination "tusplingher won on time"]

1. c4 Nf6 2. g3 e6 3. Nf3 a6 4.
Bg2 b5 5. b3 Bb7 6. O-O Be7 7.
Bb2 O-O 8. d4 d6 9. Re1 Nbd7 10.
Nbd2 c5 11. e3 Rb8 12. Qc2 bxc4 13. bxc4 cxd4 14. exd4 Qc7 15. Rab1 Rfc8 16. h3 Bf8 17. Ba3 Bc6 18. Qc3 d5 19. Bxf8 Rxf8 20. c5 Rfc8 21. Bf1 a5 22. Bd3 Rxb1 23. Rxb1 Rb8 24. Rxb8+ Nxb8 25.
Ne5 Nfd7 26. Nxc6 Nxc6 27. Bb5 e5 28. Bxc6 Qxc6 29. Nb3 exd4 30. Qxa5 d3 31. Qd8+ Nf8 32. Qg5 Ne6 33. Qe3 Qb5 34. Nd4 Qxc5 35. Nxe6 Qxe3 36. fxe3 d2 0-1

[Event "Early-Titled-Tuesday-Blitz-March-26-2024"]
[Site "Chess.com"]
[Date "2024.03.26"]
[Round "10"]
[White "Bada_norovsambuu"]
[Black "FREDERICKtheMATE"]
[Result "0-1"]
[WhiteElo "2220"]
[BlackElo "2674"]
[TimeControl "180+1"]
[EndTime "9:53:03 PDT"]
[Termination "FREDERICKtheMATE won on time"]

1. Nf3 Nf6 2. d4 d5 3. c4 c6 4. Qc2 dxc4 5. Qxc4 Bf5 6. Nc3 Nbd7 7. g3 e6 8. Bg2 Rc8 9. O-O b5 10. Qb3 h6 11.
Re1 b4 12. Na4 Be7 13. Nh4 Be4 14. f3 Bh7 15. Bf1 O-O 16. e4 c5 17. Be3 cxd4 18. Bxd4 a5 19. Red1 Qc7 20. Ng2 Qb7 21. Qe3 Rc6 22. Rac1 Rfc8 23. Rxc6 Qxc6 24. b3 e5 25. Bb2 Qb7 26. Qe1 Nc5 27. Nxc5 Rxc5 28. Kh1 Rc2 29. Rd2 Qc6 30. Rxc2 Qxc2 31. Bxe5 Qxa2 32. Bc4 Bg6 33. Nf4 Kh7 34. Nxg6 fxg6 35. Qa1 Qxa1+ 36. Bxa1 Nd7 37. Bd4 Bf6 38. Ba7 Ne5 39. Be2 a4 40. bxa4 b3 41. Bd4 Nxf3 42.
Bxf6 gxf6 43. Bd3 Ne5 44. Bb1 Nc4 45. Bd3 b2 46. Kg1 Kg7 47. Kf2 Kf8 48. Ke1 Ke7 49.
Kd1 Na3 50. a5 Kd6 51. a6 Kc7 52. e5 fxe5 53. Be4 b1=Q+ 54. Bxb1 Nxb1 55. Ke2 Nc3+ 56.
Ke3 Nb5 57. Ke4 Kd6 0-1

[Event "Early-Titled-Tuesday-Blitz-March-26-2024"]
[Site "Chess.com"]
[Date "2024.03.26"]
[Round "10"]
[White "Josetricks"]
[Black "ChainedDowntohell"]
[Result "0-1"]
[WhiteElo "2707"]
[BlackElo "2550"]
[TimeControl "180+1"]
[EndTime "9:53:04 PDT"]
[Termination "ChainedDowntohell won by resignation"]

1. d4 Nf6 2. Nc3 e6 3. e4 Bb4 4. e5 Ne4 5. Qd3 d5 6. exd6 Nxd6 7. Bd2 b6 8. O-O-O Ba6 9. Qf3 Bb7 10. Qg4 O-O 11.
a3 Bxc3 12. Bxc3 Ne4 13. Be1 Nd7 14. Bd3 Ndf6 15. Qh4 Qd5 16. Kb1 Rfd8 17. f3 Nd6 18. Nh3 Nf5 19. Bxf5 Qxf5 20. Nf2 Rd7 21. h3 Rad8 22.
Ng4 c5 23. Nxf6+ Qxf6 24. Qxf6 gxf6 25. c3 e5 26. Bh4 Kg7 27. d5 Rxd5 28. Kc2 Bc6 29.
b3 c4 30. Rxd5 Rxd5 31. bxc4 Ba4+ 32. Kc1 Rd3 33. Be1 Rd1+ 34. Kb2 Kg6 35. Rg1 Kf5 36. Bf2 Rd2+ 0-1

[Event "Early-Titled-Tuesday-Blitz-March-26-2024"]
[Site "Chess.com"]
[Date "2024.03.26"]
[Round "10"]
[White "Better_Chess_Faster"]
[Black "teresin05"]
[Result "1-0"]
[WhiteElo "2190"]
[BlackElo "2247"]
[TimeControl "180+1"]
[EndTime "9:53:04 PDT"]
[Termination "Better_Chess_Faster won by resignation"]

1. d4 d5 2. Bf4 Nf6 3. e3 c5 4. c3 Nc6 5. Nd2 Bf5 6. Ngf3 cxd4 7.
exd4 e6 8. Bb5 Bd6 9. Ne5 Bxe5 10. dxe5 Nd7 11. O-O O-O 12. Re1 Qc7 13. Nb3 a6 14.
Bxc6 bxc6 15. Nd4 c5 16. Nxf5 exf5 17. Qxd5 Nb6 18. Qd6 Qxd6 19. exd6 Nd5 20. Be3 Rac8 21. Rad1 Nxe3 22. Rxe3 Rfd8 23. d7 Rb8 24. Re5 Kf8 25. Rxc5 Rxb2 26. f4 Rxa2 27. Rxf5 Ra3 28. Rc5 Ra4 29.
g3 Re4 30. Rc7 Ke7 31. c4 a5 32. c5 a4 33. c6 Rc4 34. Rc8 Re4 35. Kf2 a3 36. Ra8 Rxa8 37. c7 Rd8 38. c8=Q a2 39. Qc5+ Kf6 40. Qc6+ Ke7 41. Qxe4+ Kf8 42. Qa4 g6 43.
Qxa2 Kg7 44. Qa5 1-0

[Event "Early-Titled-Tuesday-Blitz-March-26-2024"]
[Site "Chess.com"]
[Date "2024.03.26"]
[Round "10"]
[White "Herzog2012"]
[Black "ArchibaldCerveza29"]
[Result "1-0"]
[WhiteElo "2532"]
[BlackElo "2377"]
[TimeControl "180+1"]
[EndTime "9:53:06 PDT"]
[Termination "Herzog2012 won by resignation"]

1. e4 e5 2. Nf3 Nf6 3. Nxe5 d6 4.
Nf3 Nxe4 5. d4 d5 6. Bd3 Bd6 7. O-O O-O 8. c4 c6 9. Nc3 Nxc3 10. bxc3 dxc4 11. Bxc4 Bg4 12. h3 Bh5 13. g4 Bg6 14. Ne5 Nd7 15. Nxg6 hxg6 16. f4 c5 17. d5 Nb6 18. Qd3 Qh4 19. Rf3 Rfe8 20. Be3 g5 21.
fxg5 Nd7 22. g6 f6 23. Bf4 Bxf4 24. Rxf4 Ne5 25. d6+ Kh8 26. Qf1 Qg3+ 27. Kh1 Nxc4 28. Rxc4 Re3 29. Rxc5 Qxh3+ 30. Qxh3+ Rxh3+ 31. Kg2 Rh6 32.
Rh1 Rd8 33. d7 1-0

[Event "Early-Titled-Tuesday-Blitz-March-26-2024"]
[Site "Chess.com"]
[Date "2024.03.26"]
[Round "10"]
[White "DavidGavrilescu18"]
[Black "ChristopherYoo"]
[Result "1-0"]
[WhiteElo "2778"]
[BlackElo "2943"]
[TimeControl "180+1"]
[EndTime "9:53:07 PDT"]
[Termination "DavidGavrilescu18 won on time"]

1. e4 c5 2. Nf3 d6 3. d4 cxd4 4.
Qxd4 Nc6 5. Qe3 Nf6 6. Be2 g6 7. h3 Bg7 8. O-O O-O 9. Rd1 Nd7 10.
Nc3 Qb6 11. Qf4 Bxc3 12. bxc3 Nf6 13. Qh4 Qc5 14. c4 Be6 15. Bb2 Bxc4 16. e5 Bxe2 17. exf6 Ne5 18. fxe7 Rfe8 19. Qf6 Bxf3 20. Rxd6 Qxd6 21.
Qxd6 Nc4 22. Qd4 Nxb2 23. gxf3 Rxe7 24. Qxb2 b6 25. Rd1 Rae8 26. Kg2 h5 27. Qf6 Re6 28. Qh4 Rc6 29. Rd8 Rxd8 30. Qxd8+ Kg7 31. c3 Rc5 32.
Qd7 Ra5 33. a4 Kg8 34. h4 Kg7 35. f4 Kg8 36. Kf3 Kg7 37. Ke4 Kg8 38. f3 Kg7 39. f5 Rxf5 40. Qxa7 Ra5 41. Qd7 Kg8 42. c4 Rc5 43. Kd4 Kg7 44. Qd6 Rf5 45. Qxb6 Rf4+ 46.
Kc5 Rxh4 47. a5 Rh1 48. a6 1-0

[Event "Early-Titled-Tuesday-Blitz-March-26-2024"]
[Site "Chess.com"]
[Date "2024.03.26"]
[Round "10"]
[White "RebelJohnny"]
[Black "wqws"]
[Result "0-1"]
[WhiteElo "2577"]
[BlackElo "2741"]
[TimeControl "180+1"]
[EndTime "9:53:07 PDT"]
[Termination "wqws won on time"]

1. e4 e5 2. Nf3 Nc6 3. Nc3 Nf6 4. d4 exd4 5. Nxd4 Bb4 6. Nxc6 bxc6 7. Bd3 d5 8. exd5 O-O 9. O-O cxd5 10. h3 Be6 11. Qf3 Rb8 12. Bf4 Bd6 13. b3 c5 14. Rad1 Rb4 15. Ne2 h6 16. Rfe1 Qc7 17. Bxh6 Nd7 18. Bd2 Ne5 19. Qh5 Nxd3 20. cxd3 Rbb8 21. Qh4 Be7 22.
Bg5 f6 23. Bf4 Bd6 24. Qg3 Rbd8 25. Bxd6 Qxd6 26. Qxd6 Rxd6 27. Rc1 Rc8 28. b4 cxb4 29. Nd4 Rxc1 30. Rxc1 Bd7 31. Rc5 Ra6 32. Rxd5 Be8 33. Nc2 Rxa2 34. Nxb4 Ra1+ 35. Kh2 a5 36. Nc2 Ra2 37.
Ne3 a4 38. Ra5 Rd2 39. Ra8 Kf7 40. Nf5 Bd7 41. Ra7 Rxd3 42. g4 a3 43. Ne3 Ke6 44.
Nc4 Rf3 45. Kg1 Rxh3 46. Rxa3 Rxa3 47. Nxa3 Kd5 48. f3 Ba4 49. Nb1 Kd4 50. Nd2 Ke3 51. Nc4+ Kxf3 52. g5 f5 53. Ne5+ Kf4 54. Nf7 Be8 55.
g6 Kg4 56. Kf2 Kh5 57. Kf3 Kxg6 58. Ne5+ Kf6 0-1

[Event "Early-Titled-Tuesday-Blitz-March-26-2024"]
[Site "Chess.com"]
[Date "2024.03.26"]
[Round "10"]
[White "HajiyevKanan"]
[Black "djano"]
[Result "0-1"]
[WhiteElo "2539"]
[BlackElo "2664"]
[TimeControl "180+1"]
[EndTime "9:53:07 PDT"]
[Termination "djano won on time"]

1. d4 Nf6 2. Nf3 g6 3. e3 Bg7 4.
Be2 O-O 5. O-O d6 6. b3 b6 7. Bb2 Bb7 8. c4 Nbd7 9. d5 e5 10. dxe6 fxe6 11. Nbd2 Qe7 12. Qc2 e5 13. Ng5 Nc5 14.
b4 Ne6 15. Nge4 Nxe4 16. Nxe4 Qh4 17. Nc3 Ng5 18. Nd5 Rf7 19. g3 Qh3 20. f4 Ne6 21. Qd1 h5 22. Qc2 Kh7 23. Bd3 Qg4 24. Be2 Qh3 25.
Bd3 Qg4 26. Qe2 Qxe2 27. Bxe2 exf4 28. Bxg7 Kxg7 29. gxf4 Re8 30. Bf3 Nf8 31. Kf2 Ba6 32. b5 Bc8 33. a4 Ne6 34. h4 Nc5 35. Rfd1 Bf5 36. a5 Nb3 37. Ra3 Nxa5 38. Rd4 Be6 0-1

[Event "Early-Titled-Tuesday-Blitz-March-26-2024"]
[Site "Chess.com"]
[Date "2024.03.26"]
[Round "10"]
[White "Binary010"]
[Black "Titus369"]
[Result "0-1"]
[WhiteElo "2776"]
[BlackElo "2644"]
[TimeControl "180+1"]
[EndTime "9:53:08 PDT"]
[Termination "Titus369 won by resignation"]

1. a3 e5 2. c4 c6 3. d4 exd4 4. Qxd4 Nf6 5. Nc3 d6 6. Nf3 Be7 7. g3 O-O 8. Bg2 Nbd7 9. O-O Nc5 10. Qd1 a5 11. Be3 Nce4 12. Na4 c5 13. Nd2 Nxd2 14.
Qxd2 Bd7 15. Nc3 Bc6 16. Rfd1 Qc7 17. Bg5 Bxg2 18. Kxg2 Rfe8 19. Bxf6 Bxf6 20. Nd5 Qd8 21. a4 Re6 22. Ra3 h5 23. h4 b6 24. Rf3 Be7 25. Qf4 Qf8 26. Nxb6 Rd8 27. Re3 Bf6 28. b3 Bd4 29.
Rxe6 fxe6 30. Qxf8+ Kxf8 31. e3 Bf6 32. f4 Ke7 33. e4 Bd4 34. Rd3 Rb8 35. Nd5+ exd5 36.
exd5 Kf6 37. Kf3 Re8 38. g4 hxg4+ 39. Kxg4 Re3 40. Rxe3 Bxe3 41. Kf3 Bd2 42. Ke4 Bc1 0-1

[Event "Early-Titled-Tuesday-Blitz-March-26-2024"]
[Site "Chess.com"]
[Date "2024.03.26"]
[Round "10"]
[White "theoneandonlydaaevik"]
[Black "Mindhunter08"]
[Result "1-0"]
[WhiteElo "2552"]
[BlackElo "2640"]
[TimeControl "180+1"]
[EndTime "9:53:11 PDT"]
[Termination "theoneandonlydaaevik won by resignation"]

1. d4 d5 2. c4 c6 3. Nf3 Nf6 4. Nc3 e6 5. e3 Nbd7 6. Qc2 Bd6 7. Be2 b6 8. O-O Bb7 9. a4 O-O 10. a5 dxc4 11. a6 Bc8 12. Bxc4 b5 13. Bd3 e5 14.
Ne4 Qc7 15. dxe5 Nxe5 16. Nxf6+ gxf6 17. Bxh7+ Kg7 18. Nxe5 Bxe5 19. f4 Bd6 20. Bf5 Rh8 21.
b3 Bxf5 22. Qxf5 Rag8 23. Bb2 Rh6 24. g4 Rg6 25. g5 Kf8 26. Bxf6 Be7 27. Bxe7+ Qxe7 28.
Qh3 Qe4 29. Qf3 Qc2 30. Rad1 Qxb3 31. h4 Re6 32. f5 Rxe3 33. f6 Ke8 34. Rfe1 Rxe1+ 35. Rxe1+ Qe6 36. Rxe6+ fxe6 37. Qxc6+ Kf7 38. Qd7+ Kg6 39.
f7 1-0

[Event "Early-Titled-Tuesday-Blitz-March-26-2024"]
[Site "Chess.com"]
[Date "2024.03.26"]
[Round "10"]
[White "Kostya0705"]
[Black "Eagle_2019"]
[Result "0-1"]
[WhiteElo "2596"]
[BlackElo "2861"]
[TimeControl "180+1"]
[EndTime "9:53:14 PDT"]
[Termination "Eagle_2019 won by resignation"]

1. e4 c5 2. Nf3 Nc6 3. Nc3 e5 4.
Bc4 d6 5. a3 Be7 6. d3 Nf6 7. Bg5 O-O 8. h3 Be6 9. Bxf6 Bxf6 10. Nd5 g6 11. O-O Bg7 12. c3 h6 13.
b4 a6 14. Nd2 Kh7 15. Qe2 b5 16. Ba2 f5 17. exf5 gxf5 18. Rae1 Ne7 19. Nxe7 Bxa2 20.
Nxf5 Rxf5 21. Qe4 Be6 22. g4 d5 23. Qg2 Rf4 24. bxc5 Rc8 25. Nf3 Qc7 26. g5 Rcf8 27. Nh2 Qf7 28. Ng4 Bxg4 29. hxg4 hxg5 30. Re3 Rf3 31. c6 Kg8 32. c7 Rf4 33. Rfe1 Qd7 34. f3 Qxc7 35. d4 exd4 36. Re7 Qxc3 37. Qe2 Qxf3 38.
Qe6+ R4f7 39. Qg6 Qg3+ 40. Kh1 Qh3+ 41. Kg1 Rxe7 0-1

[Event "Early-Titled-Tuesday-Blitz-March-26-2024"]
[Site "Chess.com"]
[Date "2024.03.26"]
[Round "10"]
[White "Suleyman_Chess06"]
[Black "Durarbayli"]
[Result "0-1"]
[WhiteElo "2733"]
[BlackElo "2942"]
[TimeControl "180+1"]
[EndTime "9:53:15 PDT"]
[Termination "Durarbayli won by resignation"]

1. Nf3 c5 2. c4 Nf6 3. Nc3 e6 4.
e3 Nc6 5. d4 d5 6. cxd5 exd5 7.
dxc5 Bxc5 8. Be2 O-O 9. O-O Re8 10. b3 Be6 11. Bb2 Rc8 12. Rc1 Bd6 13. Nb5 Bb8 14. Nbd4 Ne4 15. Nxc6 Rxc6 16. Rxc6 bxc6 17. Qc2 Qb6 18. Nd4 Bd7 19. b4 a5 20. bxa5 Qc7 21.
g3 c5 22. Nb3 c4 23. Nd2 Qxa5 24. Nxe4 Rxe4 25. Bf3 Re8 26. Bc3 Qa8 27. Rd1 Bc6 28.
Qd2 Be5 29. Bxe5 Rxe5 30. Qd4 f6 31. Rb1 Qxa2 32. Rb8+ Kf7 33. Qc5 Qa4 34. Rc8 Bd7 35. Rc7 Kg6 36. Qd6 Bh3 37. Rxg7+ Kxg7 38. Qc7+ Kg6 39. Bh5+ Rxh5 0-1

[Event "Early-Titled-Tuesday-Blitz-March-26-2024"]
[Site "Chess.com"]
[Date "2024.03.26"]
[Round "10"]
[White "Revan_2002"]
[Black "kingofthenil"]
[Result "1-0"]
[WhiteElo "2612"]
[BlackElo "2754"]
[TimeControl "180+1"]
[EndTime "9:53:15 PDT"]
[Termination "Revan_2002 won by checkmate"]

1. d4 Nc6 2. Nf3 d6 3. e4 Nf6 4. Nbd2 e5 5. c3 a6 6. Bd3 g6 7. O-O Bg7 8. Re1 O-O 9. h3 a5 10. Nf1 h6 11. Ng3 Nd7 12. Be3 Qf6 13. Qd2 Kh7 14.
d5 Nd8 15. Nh2 Qe7 16. b4 Nf6 17. a4 Ng8 18. c4 axb4 19. Qxb4 f5 20. exf5 gxf5 21.
c5 Kh8 22. cxd6 cxd6 23. Nh5 Nf7 24. Rac1 Ng5 25. f4 Ne4 26. Nxg7 Qxg7 27. fxe5 dxe5 28. Nf3 Ngf6 29. Nxe5 Nxd5 30. Ng6+ Qxg6 31. Qxf8+ Kh7 32. Bd4 Nef6 33. Rc7+ Nxc7 34. Re7+ Qg7 35. Qxg7# 1-0

[Event "Early-Titled-Tuesday-Blitz-March-26-2024"]
[Site "Chess.com"]
[Date "2024.03.26"]
[Round "10"]
[White "Pedrada88"]
[Black "WiktoriaPOL"]
[Result "1-0"]
[WhiteElo "2559"]
[BlackElo "2305"]
[TimeControl "180+1"]
[EndTime "9:53:16 PDT"]
[Termination "Pedrada88 won by checkmate"]

1. d4 Nf6 2. c4 g6 3. Nf3 Bg7 4. g3 d6 5. Bg2 O-O 6. O-O Nc6 7.
Nc3 e5 8. d5 Ne7 9. Ne1 Nd7 10.
Rb1 f5 11. b4 Nf6 12. c5 Bd7 13. a4 h6 14. b5 g5 15. c6 bxc6 16. bxc6 Bc8 17.
f4 exf4 18. gxf4 gxf4 19. Bxf4 Nh5 20. Nb5 Nxf4 21. Rxf4 Ng6 22. Rf1 f4 23. Kh1 Bf5 24. Rb3 Nh4 25. Nd4 Nxg2 26. Nxg2 Be4 27. Ne6 Qf6 28.
Rxf4 Qe5 29. Rxf8+ Bxf8 30. Nxc7 Rc8 31. Rg3+ Kh8 32.
Ne6 Bxd5 33. Nxf8 Rxf8 34. c7 Bb7 35. Qc1 Qf6 36. h3 Kh7 37. Kh2 Be4 38. c8=Q Rxc8 39.
Qxc8 Qf1 40. Qg8# 1-0